Map: Oceanborn LE

Players

sugubatul - Winner!

  • Race: Zerg Zerg
  • Spawn Location: 5:00

A.I. 1 (Elite)

  • Race: Terran Terran
  • Spawn Location: 11:00

VOD

Have the link to the VOD?

Description

Time

  • Played on: July 18, 2025, 10:39 p.m.
  • Length: 6:18
Show
View Real Time Build Order
Export as new Build Order

sugubatul Zerg - Winner!

Build Orders: Pool First 

Get SALT Encoding   

  12  0:17  Spawning Pool  
  11  0:22  Drone  
  11  0:26  Drone  
  13  0:30  Drone  
  14  0:40  Overlord  
  14  1:05  Zergling x4  
  14  1:06  Zergling x2  
  17  1:17  Drone  
  18  1:21  Hatchery  
  17  1:30  Queen  
  19  1:34  Zergling x2  
  20  1:46  Zergling x2  
  21  1:51  Zergling x2  
  21  2:14  Overlord  
  21  2:17  Queen, Extractor  
  22  2:34  Queen  
  22  2:36  Drone x3  
  22  2:37  Drone  
  28  2:45  Drone x2  
  28  2:48  Drone  
  31  2:52  Drone  
  28  3:20  Overlord  
  28  3:24  Zergling x2  
  28  3:25  Overlord  
  28  3:31  Overlord  
  28  3:42  Metabolic Boost  
  28  3:46  Drone  
  28  3:47  Drone x8  
  37  3:57  Drone  
  38  4:13  Drone x2  
  38  4:16  Extractor  
  39  4:17  Baneling Nest  
  39  4:18  Drone x5  
  39  4:19  Overlord, Extractor  
  42  4:30  Zergling x6  
  45  4:33  Overlord  
  45  4:38  Zergling x2  
  45  4:42  Lair  
  46  4:47  Zergling x12  
  52  4:56  Zergling x2  
  52  4:57  Zergling x2  
  54  5:01  Zergling x2  
  55  5:07  Zergling x2  
  55  5:10  Zergling x6  
  55  5:12  Zergling x2  
  60  5:15  Zergling x4  
  60  5:16  Zergling x2  
  60  5:19  Baneling x4  
  63  5:25  Zergling x4  
  65  5:34  Baneling x2  
  65  5:55  Zergling x14  
Show
View Real Time Build Order
Export as new Build Order

A.I. 1 (Elite) Terran 

Build Orders:  

Get SALT Encoding   

  12  0:09  Supply Depot  
  12  0:13  SCV  
  13  0:36  Barracks  
  13  0:42  Barracks  
  13  0:57  Barracks  
  13  0:58  SCV  
  14  1:10  SCV  
  15  1:23  Marine  
  16  1:25  Barracks  
  16  1:29  Marine  
  17  1:41  Marine  
  17  1:44  Marine  
  17  1:47  Marine  
  19  1:53  Supply Depot  
  20  1:59  Marine  
  20  2:04  Marine x2  
  21  2:14  Marine  
  22  2:17  Marine  
  22  2:22  Marine  
  23  2:23  Marine  
  25  2:32  Marine  
  25  2:34  Marine  
  27  2:40  Marine  
  27  2:41  Marine  
  29  2:49  Marine  
  30  2:53  Supply Depot  
  30  2:58  Refinery  
  30  3:01  SCV  
  31  3:15  SCV  
  25  3:27  SCV  
  25  3:39  SCV  
  26  3:51  SCV  
  27  3:59  Factory  
  27  4:03  SCV  
  28  4:15  SCV  
  29  4:18  Marine, Barracks Tech Lab  
  30  4:27  SCV  
  30  4:28  Supply Depot  
  30  4:29  Marine  
  32  4:33  Marine  
  33  4:39  SCV  
  33  4:40  Marauder, Refinery  
  36  4:46  Factory Tech Lab  
  36  4:52  Orbital Command  
  36  4:55  Marine  
  36  4:59  Marine  
  38  5:01  Marauder  
  40  5:09  Supply Depot  
  40  5:17  SCV  
  41  5:23  Marauder  
  43  5:30  SCV  
  44  5:43  Hellion  
  44  5:44  Marauder  
  44  5:48  Supply Depot  
  44  6:01  Command Center  
Tags
 
Matchup
TvZ
Opening
Pool First
Spawn Locations
Cross Positions
Add a new tag
Caveats
  • Supply blocks, unpowered buildings, or Contaminate may cause inaccurate times.
  • Supply counts are checked every 10 seconds.